 Dungeon Crawl Stone Soup version 0.28.0 (webtiles) character file.

Game seed: 7276259337732653450

2828 RighteousDevil the Basher (level 9, 0/72 HPs)
             Began as a Demonspawn Cinder Acolyte on Feb 5, 2022.
             Was a Follower of Yredelemnul.
             Killed from afar by Maurice (7 damage)
             ... with an iceblast
             ... on level 9 of the Dungeon.
             The game lasted 00:25:02 (9903 turns).

RighteousDevil the Basher (DsCA)                    Turns: 9903, Time: 00:25:02

Health: 0/72       AC:  9    Str: 18    XL:     9   Next: 45%
Magic:  10/10      EV: 11    Int: 16    God:    Yredelemnul [*.....]
Gold:   241        SH:  0    Dex: 13    Spells: 8/10 levels left

rFire   . . .      SeeInvis .   b - +0 flail
rCold   . . .      Faith    .   (no shield)
rNeg    . . .      Spirit   .   i - +0 ring mail
rPois   .          Reflect  .   o - +0 helmet
rElec   .          Harm     .   (no cloak)
rCorr   .          Rampage  .   n - +1 pair of gloves
Will    .....                   (no boots)
Stlth   +++.......              g - amulet of magic regeneration
HPRegen 0.22/turn               (no ring)
MPRegen 0.52/turn               (no ring)

@: marked, fire susceptible
A: thin skeletal structure 2, ignite blood 2, powered by pain 1, demonic touch 2
a: Renounce Religion, Recall Undead Harvest


You were on level 9 of the Dungeon.
You worshipped Yredelemnul.
Yredelemnul was noncommittal.
You visited 2 branches of the dungeon, and saw 9 of its levels.

You collected 311 gold pieces.
You spent 70 gold pieces at shops.

Inventory:

Hand Weapons
 b - a +0 flail (weapon)
 h - a -1 mace of freezing
 l - a +0 whip of freezing
Armour
 i - a +0 ring mail (worn)
 n - a +1 pair of gloves (worn)
 o - a +0 helmet (worn)
Jewellery
 g - an amulet of magic regeneration (around neck)
Wands
 c - a wand of digging (4)
Scrolls
 d - a scroll of blinking
 e - 2 scrolls of fear
 j - 2 scrolls of identify
 p - a scroll of teleportation
Potions
 f - a potion of cancellation
 k - 2 potions of flight


   Skills:
 - Level 7.0 Fighting
 + Level 8.4 Maces & Flails
 - Level 6.0 Armour
 + Level 1.1 Dodging
 - Level 1.0 Spellcasting
 - Level 4.0 Fire Magic


You had 8 spell levels left.
You knew the following spells:

 Your Spells              Type           Power      Damage    Failure   Level
a - Scorch                Fire           26%        2d6       11%         2

Your spell library contained the following spells:

 Spells                   Type           Power      Damage    Failure   Level
 Animate Skeleton         Necr           0%         N/A       36%         1
 Apportation              Tloc           0%         N/A       36%         1
 Pain                     Necr           0%         1d4       36%         1
 Shock                    Conj/Air       0%         1d3       36%         1
 Slow                     Hex            0%         N/A       36%         1
 Corpse Rot               Necr/Air       0%         N/A       50%         2
 Poisonous Vapours        Pois/Air       0%         N/A       50%         2
 Swiftness                Air            0%         N/A       75%         3
 Vampiric Draining        Necr           0%         2d6       75%         3
 Airstrike                Air            0%         N/A       98%         4


Dungeon Overview and Level Annotations

Branches:
Dungeon (7/15)             Temple (1/1) D:6

Altars:
Ashenzari
Cheibriados
Elyvilon
Fedhas
Gozag
Makhleb
Nemelex Xobeh
Okawaru
Qazlal
Ru
Sif Muna
Trog
Uskayaw
Vehumet
Wu Jian
Xom
Yredelemnul
Zin
The Shining One

Shops:
D:7 !

Annotations:
D:9 Maurice


Innate Abilities, Weirdness & Mutations

You have a moderately thin skeletal structure. (Dex +4, Stealth++)
Your demonic aura often causes spilled blood to erupt in flames.
You sometimes gain a little power by taking damage.
Your touch may inflict irresistible damage on your foes.


Message History

Press: ? - help, Dir - move target
As you read the scroll of blinking, it crumbles to dust.
Maurice casts a spell.
Maurice blinks!
Your kobold zombie closely misses the centaur.
Your kobold brigand zombie hits the two-headed ogre but does no damage.
Maurice gestures wildly while chanting.
Maurice blinks!
The kobold throws a stone.
The stone hits you but does no damage.
The two-headed ogre hits your kobold zombie with a +0 giant club!
Your kobold zombie is destroyed!
The kobold throws a stone.
The stone completely misses you.
Your kobold brigand zombie hits the kobold.
The kobold dies!
A black mist starts to gather...
The centaur wields a +0 shortbow.
The centaur shoots an arrow.
The arrow hits you!
Maurice zaps a wand.
The mass of ice explodes!
The iceblast engulfs the kobold!
The kobold dies!
The iceblast engulfs you.
The centaur shoots an arrow.
The arrow hits you.
An ogre comes into view. It is wielding a +0 giant spiked club.
Your kobold zombie hits something.
Maurice mumbles some strange words.
Maurice flickers and vanishes!
The kobold throws a stone.
The stone barely misses you.
The centaur shoots an arrow.
The arrow hits you!
You open the door.
Your kobold zombie hits the two-headed ogre but does no damage.
The kobold throws a stone.
The stone hits you.
A centaur comes into view.
The centaur shoots an arrow.
The arrow hits you!
* * * LOW HITPOINT WARNING * * *
The centaur wields a +0 shortbow.
The centaur shoots an arrow.
The arrow hits you!
* * * LOW HITPOINT WARNING * * *
You hear a zap.
An iceblast appears from out of thin air!
The mass of ice explodes!
The iceblast engulfs you!
You die...
Your body rises from the dead as a mindless zombie.

#..Z.......... ....
##....O.....###### ...
..............#....# #..
.........cK...+....#.. #K.
########>.....#....#..#
#.. #...)..#....#..# #..
#......#....#..###+###K.
###..)☼#....#...........
+....@....+...........
#....#....#..#######..
#....#....##.....K.K..
#####.{.O#.....#.###+###..
..........#######.# ###
..§...........K...#
..................#
......c...........#
######............#


You could see a two-headed ogre, an ogre, 2 centaurs and a kobold.

Vanquished Creatures
  Pikel (D:4)
  Sigmund (D:5)
  A wyvern (D:7)
  2 humans
  A fire elemental (D:7)
  2 sky beasts (D:5)
  An orc warrior (D:5)
  2 black bears (D:6)
  A necrophage (D:5)
  3 ogres
  A lemure (D:4)
  2 kobold brigands
  A bullfrog (D:7)
  2 scorpions
  2 wyvern zombies
  3 wights
  An orc priest (D:7)
  4 hounds
  A bullfrog skeleton (D:5)
  2 iguanas
  2 orc wizards
  6 adders
  A howler monkey skeleton (D:7)
  A white imp (D:6)
  An ufetubus (D:4)
  An adder skeleton (D:5)
  A worm (D:2)
  A dart slug (D:4)
  5 orcs
  4 endoplasms
  3 giant cockroaches
  6 goblins
  7 hobgoblins
  2 jackals (D:1)
  12 kobolds
  6 quokkas
  3 ball pythons
  4 bats
  3 frilled lizards
  7 rats
110 creatures vanquished.

Vanquished Creatures (collateral kills)
  A water moccasin (D:7)
  3 orcs (D:7)
  A kobold (D:9)
5 creatures vanquished.

Vanquished Creatures (others)
  A water moccasin zombie (D:7)
  A kobold (D:9)
  A kobold zombie (D:9)
  3 orc zombies (D:7)
  83 foxfires
  2 plants (D:5)
91 creatures vanquished.

Grand Total: 206 creatures vanquished

Notes
Turn   | Place    | Note
-------+----------+-------------------------------------------
     0 | D:1      | RighteousDevil the Demonspawn Cinder Acolyte began the
                  | quest for the Orb.
     0 | D:1      | Reached XP level 1. HP: 18/18 MP: 2/2
   178 | D:1      | Reached skill level 3 in Maces & Flails
   178 | D:1      | Gained mutation: You have a somewhat thin skeletal
                  | structure. (Dex +2, Stealth+) [demonic ancestry]
   178 | D:1      | Reached XP level 2. HP: 24/24 MP: 3/3
   969 | D:1      | You fall into a shaft and drop 1 floor!
  1078 | D:2      | Gained mutation: Your demonic aura sometimes causes spilled
                  | blood to erupt in flames. [demonic ancestry]
  1078 | D:2      | Reached XP level 3. HP: 25/29 MP: 4/4
  1687 | D:2      | Found a faded altar of an unknown god.
  3073 | D:4      | Gained mutation: Your touch may inflict minor irresistible
                  | damage on your foes. [demonic ancestry]
  3073 | D:4      | Reached XP level 4. HP: 35/35 MP: 5/5
  3394 | D:4      | Noticed an ogre
  3402 | D:4      | Killed an ogre
  3403 | D:4      | Reached skill level 4 in Maces & Flails
  3403 | D:4      | Gained mutation: Your touch may inflict irresistible damage
                  | on your foes. [demonic ancestry]
  3403 | D:4      | Reached XP level 5. HP: 28/41 MP: 6/6
  3640 | D:4      | Reached skill level 5 in Maces & Flails
  3919 | D:4      | Noticed a lemure
  3919 | D:4      | Noticed a lemure
  4111 | D:4      | Noticed a lemure
  4112 | D:4      | Noticed Pikel
  4112 | D:4      | Noticed a lemure
  4118 | D:4      | Killed a lemure
  4121 | D:4      | Killed Pikel
  4122 | D:4      | Reached skill level 7 in Maces & Flails
  4122 | D:4      | Gained mutation: You sometimes gain a little power by
                  | taking damage. [demonic ancestry]
  4122 | D:4      | Reached XP level 6. HP: 26/47 MP: 7/7
  4122 | D:4      | Reached XP level 7. HP: 28/52 MP: 8/8
  4283 | D:5      | Entered Level 5 of the Dungeon
  4543 | D:5      | Learned a level 2 spell: Scorch
  4612 | D:5      | Found a shimmering altar of Xom.
  5068 | D:5      | Found a shimmering blue altar of Sif Muna.
  5089 | D:5      | Got Sif Muna's Compendium of Bewitching Displacement
  5096 | D:5      | Found a bloodstained altar of Trog.
  5106 | D:5      | Reached skill level 8 in Maces & Flails
  5286 | D:5      | Reached skill level 1 in Armour
  5286 | D:5      | Gained mutation: Your demonic aura often causes spilled
                  | blood to erupt in flames. [demonic ancestry]
  5286 | D:5      | Reached XP level 8. HP: 54/58 MP: 9/9
  5419 | D:5      | Noticed Sigmund
  5475 | D:5      | Killed Sigmund
  6047 | D:6      | Reached skill level 5 in Fighting
  6273 | D:6      | Found a staircase to the Ecumenical Temple.
  6401 | Temple   | Entered the Ecumenical Temple
  6799 | D:7      | Identified the ring "Loxim" {*Slow rF++ Dex+6}
  7007 | D:7      | Found an opulent altar of Gozag.
  7536 | D:6      | Gained mutation: You have a moderately thin skeletal
                  | structure. (Dex +4, Stealth++) [demonic ancestry]
  7536 | D:6      | Reached XP level 9. HP: 9/59 MP: 10/10
  7894 | D:7      | Found an iron altar of Okawaru.
  7913 | D:7      | Reached skill level 5 in Armour
  8474 | Temple   | Fell from the grace of Ignis
  8476 | Temple   | Became a worshipper of Yredelemnul the Dark
  8796 | D:7      | Found Kakacs's Distillery.
  8803 | D:7      | Bought a potion of heal wounds for 70 gold pieces
  8853 | D:7      | Reached * piety under Yredelemnul
  9157 | D:7      | Reached ** piety under Yredelemnul
  9846 | D:7      | You fall into a shaft and drop 2 floors!
  9846 | D:9      | Noticed Maurice
  9846 | D:9      | Noticed a two-headed ogre
  9884 | D:9      | Reached skill level 1 in Dodging
  9903 | D:9      | Killed from afar by Maurice

Illustrated notes

Levels and vault maps discovered:
D:1:      nicolae_arrival_somewhat_less_tricky_arrival, layout_rooms,
          st_stairs_9
D:2:      layout_rooms, hellmonk_ecumenical_altar_crossroads
D:3:      layout_basic
D:4:      layout_basic, eino_small_chamber_without_monster, minmay_bisected,
          uniq_pikel
D:5:      layout_rooms, nzn_overflow_gifts_of_might_and_magic,
          lemuel_tele_altar, mainiacjoe_overflow_big_doors, uniq_sigmund
D:6:      layout_loops_cross, minmay_temple_entry_nine_rooms,
          kennysheep_small_circle
D:7:      layout_basic, mainiacjoe_overflow_brackets, okawaru_humans,
          serial_shops, shop
D:9:      layout_irregular_city, kennysheep_orc_monster_closet_entryway,
          uniq_maurice
Temple:   minmay_temple_bridge_abc

Skill      XL: |  1  2  3  4  5  6  7  8  9 |
---------------+----------------------------+-----
Maces & Flails | 3 4 7 8 |  8.4
Fire Magic     | 3 4 |  4.0
Armour         | 1 4 6 |  6.0
Fighting       | 6 7 |  7.0
Dodging        | 1 |  1.1
Spellcasting   | |  1.0

Action                   |  1- 3 |  4- 6 |  7- 9 || total
-------------------------+-------+-------+-------++-------
Melee: Mace              |   125 |    40 |       ||   165
       Touch             |       |     4 |    43 ||    47
       Whip              |       |       |   164 ||   164
       Flail             |       |       |    69 ||    69
       Punch             |       |       |     1 ||     1
 Cast: Scorch            |       |       |     7 ||     7
Invok: Foxfire Swarm     |     2 |     2 |     2 ||     6
       Fiery Armour      |     1 |     2 |     1 ||     4
       Renounce Religion |       |       |     1 ||     1
Evoke: Wand              |       |     3 |    17 ||    20
  Use: Potion            |     1 |     2 |     5 ||     8
       Scroll            |     6 |       |    10 ||    16
 Stab: Sleeping          |     5 |     1 |     1 ||     7
       Confused          |       |       |     1 ||     1
Armor: Robe              |    26 |       |       ||    26
       Leather armour    |    12 |    19 |    16 ||    47
       Skin              |       |     5 |     4 ||     9
       Plate armour      |       |       |    73 ||    73
       Ring mail         |       |       |    19 ||    19
Dodge: Dodged            |    99 |    25 |    79 ||   203
